 Dungeon Crawl Stone Soup version 0.27-a0-795-ge5c3fa52fd (webtiles) character file.

Game seed: 12257117800161779430

2233 Johnny the Spear-Bearer (level 8, -12/71 HPs)
             Began as a Demigod Gladiator on Mar 27, 2021.
             Mangled by an orc warrior
             ... wielding a +0 war axe
              (17 damage)
             ... on level 8 of the Dungeon.
             The game lasted 00:07:11 (6852 turns).

Johnny the Spear-Bearer (Demigod Gladiator)         Turns: 6852, Time: 00:07:12

Health: -12/71     AC: 12    Str: 23    XL:     8   Next: 91%
Magic:  10/10      EV:  8    Int: 10    God:
Gold:   254        SH:  0    Dex: 15    Spells: 7/7 levels left

rFire    . . .     SeeInvis .   a - +0 trident
rCold    . . .     Faith    .   (no shield)
rNeg     . . .     Spirit   .   x - +1 chain mail
rPois    .         Reflect  .   c - +0 helmet
rElec    .         Harm     .   b - +0 cloak
rCorr    .         Rampage  .   (no gloves)
Will     .....                  f - +0 pair of boots
Stlth    ..........             (no amulet)
HPRegen  0.21/turn              (no ring)
MPRegen  0.12/turn              (no ring)

@: no status effects
A: high mp 1, forlorn
a: no special abilities


You were on level 8 of the Dungeon.
You visited 1 branch of the dungeon, and saw 8 of its levels.
You also visited: Ossuary.

You collected 254 gold pieces.

Inventory:

Hand Weapons
 a - a +0 trident (weapon)
Missiles
 d - 4 throwing nets (quivered)
Armour
 b - a +0 cloak (worn)
 c - a +0 helmet (worn)
 f - a +0 pair of boots (worn)
 x - a +1 chain mail (worn)
Jewellery
 n - a ring of willpower
Scrolls
 e - a scroll of blinking {unknown}
 h - 3 scrolls of magic mapping
 i - a scroll of noise
 j - a scroll of fog
 m - a scroll of enchant weapon {unknown}
 o - 2 scrolls of enchant armour
 s - a scroll of vulnerability {unknown}
 t - 2 scrolls of amnesia
 u - a scroll of holy word {unknown}
Potions
 k - a potion of degeneration
 p - 2 potions of flight
 q - 2 potions of curing
 r - a potion of haste
 w - a potion of attraction


   Skills:
 + Level 6.6 Fighting
 * Level 9.5 Polearms
 - Level 1.7 Throwing
 - Level 2.6 Dodging


You had 7 spell levels left.
You didn't know any spells.
Your spell library contained the following spells:

 Spells                   Type           Power      Damage    Failure   Level
 Confusing Touch          Hex            0%         N/A       100%        3
 Gell's Gravitas          Tloc           0%         N/A       100%        3
 Petrify                  Tmut/Erth      0%         N/A       100%        4
 Metabolic Englaciation   Hex/Ice        0%         N/A       100%        5
 Yara's Violent Unravell  Hex/Tmut       0%         3d3       100%        5


Dungeon Overview and Level Annotations

Branches:
Dungeon (8/15)             Temple (0/1) D:6         Ossuary (visited)
   Lair: D:8-11

Shops:
D:3 [

Annotations:
D:6 Maggie


Innate Abilities, Weirdness & Mutations

Your attributes grow dramatically as you level up.
You have an increased reservoir of magic. (+10% MP)
You shall have no god before yourself.


Message History

You hit the orc warrior but do no damage.
The orc warrior is moderately wounded.
The orc warrior hits you with a +0 war axe!
The orc warrior hits you but does no damage.
You hit the orc warrior but do no damage.
The orc warrior is moderately wounded.
The orc warrior hits you with a +0 war axe!
You are too injured to fight recklessly!
You are too injured to fight recklessly!
You are too injured to fight recklessly!
You are too injured to fight recklessly!
You are too injured to fight recklessly!
You are too injured to fight recklessly!
You are too injured to fight recklessly!
You are too injured to fight recklessly!
You are too injured to fight recklessly!
You are too injured to fight recklessly!
You are too injured to fight recklessly!
You are too injured to fight recklessly!
You closely miss the orc warrior.
The orc warrior is moderately wounded.
The orc priest looks encouraged for a moment.
The orc warrior hits you with a +0 war axe!
Okay, then.
The orc priest invokes the aid of Beogh against you.
Beogh smites you!
* * * LOW HITPOINT WARNING * * *
The orc priest calls upon Beogh to heal the orc warrior.
The orc warrior is healed somewhat.
The orc priest looks encouraged for a moment.
As you read the scroll labelled CEBOJIA NOMI, it crumbles to dust.
The scroll dissolves into smoke.
It was a scroll of fog.
The orc warrior hits you with a +0 war axe!
* * * LOW HITPOINT WARNING * * *
Okay, then.
As you read the scroll labelled LITAERODOXI, it crumbles to dust.
The creatures around you are filled with an inner flame!
It was a scroll of immolation.
The orc warrior hits you with a +0 war axe!
You die...

##........#
##........#
#.........#
##........#
#........#
##.......##
##.......##
####
#.....o..##
#..#
##...@#...##
#...
##..###...#
#... ##.#
##§§## ##...
### ##§§##
##....
#§§§####.....
##§§§##......
##§§§.......
##§§.......
##........


You could see an orc warrior (inner flame).

Vanquished Creatures
  2 sky beasts (D:7)
  A necrophage (D:6)
  An ogre (D:6)
  3 centaurs
  2 phantoms (D:5)
  A kobold brigand (D:7)
  2 elf zombies (Ossuary)
  4 scorpions
  A howler monkey (D:6)
  2 centaur zombies
  2 bullfrog zombies
  3 hounds
  A gnoll shaman (D:7)
  2 orc priests (D:4)
  A bullfrog skeleton (D:5)
  2 iguanas
  Terence (D:3)
  Natasha (thrice) (D:3)
  3 hound skeletons
  2 mummies (Ossuary)
  5 gnolls (D:7)
  3 adders
  A white imp (D:5)
  An ufetubus (D:7)
  2 adder zombies (Ossuary)
  A worm (D:2)
  3 dart slugs
  8 orcs
  3 bats (D:2)
  4 endoplasms
  2 giant cockroaches (D:2)
  6 goblins
  8 hobgoblins
  7 jackals
  4 quokkas
  4 ball pythons
  2 frilled lizards
  A goblin zombie (D:4)
  11 hobgoblin zombies (Ossuary)
  2 jackal zombies (Ossuary)
  7 kobolds
  11 kobold zombies (Ossuary)
  6 orc zombies (Ossuary)
  5 rats
  4 rat zombies
150 creatures vanquished.

Vanquished Creatures (others)
  A human (D:7)
  A withered plant (D:6)
2 creatures vanquished.

Grand Total: 152 creatures vanquished

Notes
Turn   | Place    | Note
-------+----------+-------------------------------------------
     0 | D:1      | Johnny the Demigod Gladiator began the quest for the Orb.
     0 | D:1      | Reached XP level 1. HP: 17/17 MP: 3/3
   167 | D:1      | Reached skill level 3 in Polearms
   330 | D:1      | Reached XP level 2. HP: 24/24 MP: 4/4
  1076 | D:2      | Reached XP level 3. HP: 30/30 MP: 5/5
  1420 | D:3      | Found Jotiemil's Armour Shoppe.
  1428 | D:3      | Noticed Natasha
  1429 | D:3      | Noticed Terence
  1433 | D:3      | Killed Natasha
  1434 | D:3      | Reached skill level 4 in Polearms
  1436 | D:3      | Killed Terence
  1437 | D:3      | Reached XP level 4. HP: 25/37 MP: 6/6
  1597 | D:3      | Noticed Natasha
  1645 | D:3      | Killed Natasha
  1667 | D:3      | Noticed Natasha
  1675 | D:3      | Killed Natasha
  1850 | D:3      | Reached XP level 5. HP: 37/45 MP: 7/7
  2521 | D:4      | Identified the +3 leather armour of Obrucor {-Tele rC+
                  | Will+}
  2549 | D:4      | Reached skill level 5 in Polearms
  2737 | D:4      | Found a sand-covered staircase.
  2746 | Ossuary  | Entered an ossuary
  3086 | Ossuary  | Reached XP level 6. HP: 28/52 MP: 8/8
  3486 | D:4      | Reached skill level 6 in Polearms
  4080 | D:5      | Entered Level 5 of the Dungeon
  4126 | D:5      | Reached XP level 7. HP: 56/60 MP: 9/9
  4360 | D:5      | Reached skill level 7 in Polearms
  4791 | D:5      | Reached skill level 5 in Fighting
  5227 | D:6      | Reached skill level 8 in Polearms
  5227 | D:6      | Reached XP level 8. HP: 69/69 MP: 10/10
  5247 | D:6      | Noticed Maggie
  5809 | D:7      | Reached skill level 9 in Polearms
  6844 | D:8      | HP: 3/71 [orc warrior/+0 war axe (9)]
  6852 | D:8      | Mangled by an orc warrior

Illustrated notes

Levels and vault maps discovered:
D:1:      onia_arrival_pyramid, layout_rooms, serial_rivers,
          chequers_serial_rivers_large_a, chequers_serial_rivers_large_b,
          chequers_serial_rivers_small_b, chequers_serial_rivers_micro_d,
          chequers_serial_rivers_micro_b, chequers_serial_rivers_small_3
D:2:      layout_basic, nicolae_sif_muna_little_library,
          chequers_ecumenical_altar_twisty, minivault_25
D:3:      layout_loops_ring, serial_shops, shop_fountains, uniq_terence,
          uniq_natasha
D:4:      layout_loops_ring, nicolae_ru_awakened_eye, marbit_many_paths,
          enter_ossuary_4, minmay_statues_item
D:5:      layout_cave_pools, fedhas_ov_isle_minmay
D:6:      layout_rooms, kiku_gazebo_garden_becter, kennysheep_mini,
          overflow_temple_1_default, minmay_temple_entry_ruins, uniq_maggie
D:7:      layout_loops_cross, tgw_kikubaaqudgha, uniq_joseph
D:8:      layout_cave_pods, minmay_overflow_temple_star_quad

Skill      XL: |  1  2  3  4  5  6  7  8 |
---------------+-------------------------+-----
Fighting       | 2 3 4 5 6 |  6.6
Polearms       | 3 4 5 6 8 9 |  9.5
Throwing       | |  1.7
Dodging        | |  2.6

Action                   |  1- 3 |  4- 6 |  7- 9 || total
-------------------------+-------+-------+-------++-------
Melee: Trident           |   100 |   304 |   286 ||   690
  Use: Scroll            |       |       |    13 ||    13
       Potion            |       |       |     2 ||     2
 Stab: Sleeping          |     1 |       |       ||     1
Armor: Leather armour    |    21 |    13 |       ||    34
       Ring mail         |       |    79 |     6 ||    85
       Chain mail        |       |       |   156 ||   156
Dodge: Dodged            |    48 |   134 |   107 ||   289

Table legend: (Time is in decaauts)
 A = Elapsed time spent in this place.
 B = Non-inter-level travel time spent in this place.
 C = Inter-level travel time spent in this place.
 D = Time resting spent in this place.
 E = Time spent auto-exploring this place.
 F = Levels seen in this place.
 G = Mean time per level.
                   A        B        C        D        E       F      G
               +--------+--------+--------+--------+--------+-----+--------+
         Total |   6885 |   6758 |    127 |   1447 |   4026 |   9 |  765.0 |
       Dungeon |   6253 |   6126 |    127 |   1312 |   3839 |   8 |  781.6 |
       Ossuary |    632 |    632 |      0 |    135 |    187 |   1 |  632.0 |
               +--------+--------+--------+--------+--------+-----+--------+

Top non-repeatable levels by time:
     D:3: 1080 daAuts
     D:7: 1010 daAuts
     D:4: 958 daAuts
     D:5: 911 daAuts
     D:1: 787 daAuts
     D:2: 684 daAuts
 Ossuary: 632 daAuts
     D:8: 523 daAuts
     D:6: 297 daAuts
